Map: Catalyst LE

Players

Infamous - Winner!

  • Race: Protoss Protoss
  • League: Silver
  • Spawn Location: 11:00

A.I. 1 (Very Easy)

  • Race: Terran Terran
  • Spawn Location: 5:00

VOD

Have the link to the VOD?

Description

Time

  • Played on: April 4, 2018, 12:49 p.m.
  • Length: 14:24
Show
View Real Time Build Order
Export as new Build Order

Infamous Protoss - Winner!

Build Orders:  

Get SALT Encoding   

  12  0:02  Probe  
  13  0:15  Pylon  
  13  0:17  Probe  
  14  0:30  Probe  
  15  0:35  Gateway  
  15  0:42  Probe (Chrono Boost)  
  16  0:54  Probe (Chrono Boost)  
  17  0:57  Assimilator  
  17  1:12  Gateway  
  17  1:25  Cybernetics Core  
  17  1:26  Probe (Chrono Boost)  
  18  1:37  Zealot (Chrono Boost)  
  18  1:38  Probe (Chrono Boost)  
  21  1:43  Assimilator  
  21  1:46  Probe (Chrono Boost)  
  22  1:49  Pylon  
  22  1:52  Probe  
  23  2:03  Warp Gate  
  23  2:06  Stalker (Chrono Boost)  
  25  2:18  Probe  
  25  2:19  Stalker  
  28  2:39  Probe  
  28  2:41  Stalker  
  31  2:50  Pylon  
  31  3:05  Pylon  
  31  3:08  Probe  
  32  3:15  Nexus  
  32  3:20  Probe (Chrono Boost)  
  33  3:30  Stalker  
  33  3:32  Probe (Chrono Boost)  
  36  3:47  Robotics Facility  
  37  3:48  Probe  
  37  4:13  Gateway  
  37  4:14  Gateway  
  37  4:22  Probe  
  38  4:29  Sentry x2  
  42  4:35  Probe (Chrono Boost)  
  44  4:39  Probe (Chrono Boost)  
  45  4:46  Probe (Chrono Boost)  
  45  4:48  Assimilator  
  45  4:49  Probe (Chrono Boost)  
  45  4:50  Assimilator  
  46  4:55  Gateway  
  46  4:57  Gateway  
  46  5:04  Probe (Chrono Boost), Gateway  
  46  5:05  Probe (Chrono Boost)  
  48  5:09  Observer  
  49  5:16  Probe (Chrono Boost)  
  50  5:24  Probe (Chrono Boost)  
  50  5:26  Probe (Chrono Boost)  
  52  5:33  Immortal  
  52  5:34  Twilight Council  
  56  5:51  Probe x2  
  56  5:52  Pylon  
  58  5:58  Pylon  
  58  6:01  Stalker  
  58  6:02  Stalker  
  62  6:12  Pylon  
  62  6:14  Pylon  
  62  6:18  Pylon  
  62  6:25  Stalker x3  
  68  6:27  Sentry  
  68  6:29  Charge (Chrono Boost)  
  68  6:30  Probe (Chrono Boost)  
  72  6:35  Probe (Chrono Boost)  
  72  6:52  Robotics Bay  
  72  6:55  Zealot x2  
  72  6:56  Zealot  
  78  7:20  Gateway  
  78  7:22  Probe, Forge x2  
  79  7:23  Probe, Gateway  
  79  7:27  Immortal (Chrono Boost)  
  84  7:39  Probe  
  84  7:40  Probe  
  86  7:47  Stalker x2  
  86  7:48  Stalker  
  86  7:50  Sentry x3  
  98  8:03  Zealot  
  100  8:15  Protoss Ground Weapons Level 1 (Chrono Boost)  
  100  8:20  Probe x2, Protoss Ground Armor Level 1 (Chrono Boost)  
  102  8:32  Blink  
  102  8:54  Nexus  
  102  8:57  Pylon  
  102  8:59  Pylon  
  102  9:00  Pylon  
  102  9:02  Pylon x2  
  102  9:04  Extended Thermal Lance  
  102  9:07  Pylon  
  102  9:14  Colossus  
  102  9:15  Probe x2  
  110  9:23  Pylon  
  110  9:27  Pylon, Probe x2  
  110  9:29  Pylon  
  112  9:39  Probe x2  
  112  9:40  Gateway  
  112  9:42  Gateway  
  114  9:52  Probe x2  
  116  10:22  Gateway  
  116  10:24  Gateway  
  116  10:26  Gateway  
  116  10:27  Probe x3  
  119  10:29  Gateway  
  119  10:31  Gateway  
  119  10:38  Photon Cannon  
  119  10:39  Probe, Photon Cannon  
  119  10:41  Photon Cannon  
  120  10:44  Colossus (Chrono Boost), Photon Cannon  
  120  10:47  Photon Cannon  
  120  10:48  Templar Archives  
  120  10:49  Photon Cannon  
  126  10:57  Probe (Chrono Boost)  
  126  10:58  Probe x2 (Chrono Boost)  
  126  11:01  Assimilator  
  129  11:06  Pylon, Assimilator  
  129  11:08  Pylon  
  129  11:09  Probe (Chrono Boost)  
  132  11:11  Pylon  
  132  11:15  Probe x2 (Chrono Boost)  
  132  11:17  Stalker x5  
  142  11:19  Zealot  
  144  11:30  Probe x2  
  144  11:31  Probe  
  147  11:42  Probe x2, Photon Cannon  
  147  11:43  Probe  
  147  11:44  Photon Cannon  
  150  11:47  Photon Cannon, High Templar  
  150  11:48  High Templar x4  
  160  11:54  Probe  
  160  11:55  Probe  
  160  11:59  Zealot x4  
  160  12:00  Zealot  
  172  12:05  Protoss Ground Weapons Level 2 (Chrono Boost)  
  172  12:07  Probe x3  
  175  12:11  Protoss Ground Armor Level 2 (Chrono Boost)  
  175  12:19  Probe  
  175  12:20  Probe  
  177  12:34  Archon x2  
  177  12:37  Stalker x4  
  177  12:40  Zealot x4  
  193  12:48  Probe x3  
  196  13:10  Stalker x2  
Show
View Real Time Build Order
Export as new Build Order

A.I. 1 (Very Easy) Terran 

Build Orders:  

Get SALT Encoding   

  12  0:00  SCV  
  13  0:13  SCV  
  14  0:18  Supply Depot  
  14  0:37  Refinery  
  14  0:43  Barracks  
  14  1:04  Supply Depot  
  14  1:14  Refinery  
  14  1:30  Marine  
  14  1:31  SCV  
  16  1:43  SCV  
  17  1:55  SCV  
  18  2:07  Marine, SCV  
  20  2:19  SCV  
  21  2:31  SCV  
  22  2:43  Orbital Command  
  22  2:44  Marine  
  23  6:05  Marine, SCV  
  23  6:07  Supply Depot  
  23  6:10  Factory  
  25  6:29  SCV  
  25  6:31  Supply Depot  
  26  6:39  Barracks Tech Lab  
  26  6:41  SCV  
  27  6:53  Command Center, SCV  
  25  6:54  Starport  
  25  6:57  Marine  
  26  7:05  SCV  
  27  7:31  Marine  
  27  7:32  Starport Tech Lab  
  28  7:53  Raven  
  30  8:05  SCV  
  30  8:07  Marauder  
  32  8:13  SCV  
  32  8:16  Refinery  
  30  8:20  SCV, Refinery  
  31  8:27  SCV  
  32  8:35  SCV, Raven  
  32  8:40  Marine  
  34  8:42  SCV  
  33  8:49  SCV  
  20  9:03  SCV  
  20  9:09  Hellion  
  23  9:16  SCV  
  24  9:28  SCV  
  25  9:38  Hellion  
  23  9:40  SCV  
  24  9:50  Command Center  
  24  9:52  SCV  
  12  10:04  SCV  
  12  10:06  Hellion  
  3  10:16  SCV  
  3  10:28  SCV  
  3  10:35  Hellion  
  6  10:36  Starport  
  6  10:40  SCV  
  7  10:52  SCV  
  8  11:04  SCV  
  9  11:11  Barracks  
  9  11:14  Raven  
  9  11:17  SCV, Factory Tech Lab  
  12  11:29  SCV  
  13  11:35  Siege Tank  
  15  11:41  SCV  
  16  11:53  SCV  
  17  11:57  Marine, Medivac  
  20  12:05  SCV  
  21  12:10  Supply Depot  
  21  12:16  Barracks Tech Lab  
  21  12:17  SCV  
  22  12:27  Raven  
  22  12:29  SCV  
  25  12:34  Marine  
  25  12:35  Command Center  
  26  12:41  SCV  
  27  12:45  Refinery  
  25  12:52  Marine  
  25  12:53  SCV  
  24  13:05  SCV  
  24  13:10  Raven  
  24  13:11  Marine  
  28  13:16  Command Center  
  28  13:18  SCV  
  28  13:27  Refinery  
  28  13:30  SCV  
  24  13:42  SCV  
Tags
 
League
Silver
Matchup
PvT
Replay Pack
Last Remnant (2)
Spawn Locations
Cross Positions
Add a new tag
Caveats
  • Supply blocks, unpowered buildings, or Contaminate may cause inaccurate times.
  • Supply counts are checked every 10 seconds.